[ AOE2 MATCH · #505057892 ]
UnrankedVietnamese vs Lithuanians
Player's team · LOSS
[ REPLAY ANALYSIS · EXTRACTED FROM THE RECORDED GAME ]
Feudal
13:06
Castle
17:48
Imperial
37:51
| APM avg | 81.8 |
| APM peak | 127 |
| eAPM avg | 42.2 |
| Villagers / military | 211 / 237 |
Focus
⚔️ 47.0% · 🌾 53.0%
Cavalry Archer ×167 · Fire Lancer ×46 · Scorpion ×8 · Militia ×7 · Spearman ×6 · Trebuchet (Packed) ×2
Feudal
8:34
Castle
19:49
Imperial
39:17
| APM avg | 51.2 |
| APM peak | 94 |
| eAPM avg | 28.1 |
| Villagers / military | 203 / 218 |
Focus
⚔️ 34.4% · 🌾 65.6%
Leitis ×142 · Cavalry Archer ×48 · Scout Cavalry ×12 · Trebuchet (Packed) ×8 · Monk ×4 · Mangonel ×2
Match map
Initial resources + every placement click. Lines = walls · curves = elevation contours. ◆ gold · ⬟ stone · ● berries · ✦ relic · ◌ wall gap
Your base· Open — 1t gap
SneakySalmon's base· Open — 1t gap
Smoothed initial terrain · ◌ = detected wall gap · hover for details
Inputs per minute
— ATILA200 - - SneakySalmon
Build order — ATILA200
First 150 of 512 actions detected
| 0:01 | Queue | Villager (Male) |
| 0:01 | Queue | Villager (Male) |
| 0:01 | Queue | Villager (Male) |
| 0:04 | Build | House |
| 0:05 | Build | House |
| 0:39 | Queue | Villager (Male) |
| 1:15 | Queue | Villager (Male) |
| 1:15 | Queue | Villager (Male) |
| 2:05 | Queue | Villager (Male) |
| 2:05 | Queue | Villager (Male) |
| 2:33 | Queue | Villager (Male) |
| 2:33 | Queue | Villager (Male) |
| 2:35 | Build | Lumber Camp |
| 2:45 | Queue | Villager (Male) |
| 2:59 | Queue | Villager (Male) |
| 2:59 | Queue | Villager (Male) |
| 3:19 | Queue | Villager (Male) |
| 3:19 | Queue | Villager (Male) |
| 3:19 | Queue | Villager (Male) |
| 3:34 | Queue | Villager (Male) |
| 3:35 | Queue | Villager (Male) |
| 3:52 | Build | House |
| 4:05 | Queue | Villager (Male) |
| 4:05 | Queue | Villager (Male) |
| 4:38 | Queue | Villager (Male) |
| 4:38 | Queue | Villager (Male) |
| 4:55 | Build | Barracks |
| 4:57 | Queue | Villager (Male) |
| 5:11 | Build | House |
| 5:22 | Queue | Villager (Male) |
| 5:24 | Queue | Villager (Male) |
| 5:24 | Queue | Villager (Male) |
| 5:47 | Queue | Villager (Male) |
| 5:52 | Queue | Militia |
| 5:52 | Queue | Militia |
| 6:10 | Build | Palisade Wall |
| 6:10 | Build | Palisade Wall |
| 6:11 | Build | Palisade Wall |
| 6:12 | Build | Palisade Wall |
| 6:12 | Build | Palisade Wall |
| 6:19 | Queue | Militia |
| 6:38 | Queue | Militia |
| 6:39 | Queue | Villager (Male) |
| 6:39 | Queue | Villager (Male) |
| 6:56 | Queue | Villager (Male) |
| 7:01 | Build | Palisade Wall |
| 7:02 | Build | Palisade Wall |
| 7:02 | Build | Palisade Wall |
| 7:03 | Build | Palisade Wall |
| 7:03 | Build | Palisade Wall |
| 7:04 | Build | Palisade Wall |
| 7:36 | Queue | Villager (Male) |
| 7:37 | Build | House |
| 7:55 | Build | Palisade Wall |
| 7:55 | Build | Palisade Wall |
| 7:57 | Queue | Villager (Male) |
| 7:57 | Queue | Villager (Male) |
| 8:05 | Build | Mining Camp |
| 8:14 | Build | House |
| 8:41 | Queue | Militia |
| 8:41 | Queue | Militia |
| 9:14 | Queue | Villager (Male) |
| 9:37 | Build | Palisade Wall |
| 9:39 | Build | Palisade Wall |
| 9:40 | Build | Palisade Wall |
| 9:41 | Queue | Villager (Male) |
| 10:02 | Queue | Villager (Male) |
| 10:09 | Research | Loom |
| 10:09 | Research | Loom |
| 10:46 | Research | Feudal Age |
| 11:12 | Queue | Villager (Male) |
| 11:32 | Build | Mill |
| 11:51 | Build | House |
| 11:51 | Build | House |
| 11:57 | Build | Palisade Wall |
| 11:57 | Build | Palisade Wall |
| 11:58 | Build | Palisade Wall |
| 11:58 | Build | Palisade Wall |
| 12:02 | Build | Palisade Wall |
| 12:02 | Build | Palisade Wall |
| 12:30 | Build | Farm |
| 12:31 | Build | Farm |
| 12:31 | Build | Farm |
| 12:36 | Build | Farm |
| 12:37 | Build | Farm |
| 13:06 | Age | Feudal Age |
| 13:13 | Build | Market |
| 13:17 | Build | Blacksmith |
| 13:27 | Queue | Villager (Male) |
| 13:27 | Queue | Villager (Male) |
| 14:10 | Build | Farm |
| 14:15 | Queue | Spearman |
| 14:34 | Queue | Villager (Male) |
| 15:08 | Research | Castle Age |
| 15:08 | Research | Castle Age |
| 15:12 | Build | Barracks |
| 15:58 | Build | Palisade Wall |
| 16:06 | Queue | Spearman |
| 16:20 | Build | Farm |
| 16:21 | Build | Farm |
| 16:22 | Queue | Villager (Male) |
| 17:13 | Build | Farm |
| 17:17 | Build | Barracks |
| 17:45 | Research | Scale Mail Armor |
| 17:48 | Age | Castle Age |
| 17:49 | Queue | Fire Lancer |
| 17:49 | Queue | Fire Lancer |
| 17:50 | Queue | Fire Lancer |
| 17:50 | Queue | Fire Lancer |
| 17:50 | Queue | Fire Lancer |
| 17:50 | Queue | Fire Lancer |
| 18:00 | Queue | Fire Lancer |
| 18:12 | Queue | Villager (Male) |
| 18:13 | Queue | Spearman |
| 18:14 | Queue | Spearman |
| 18:19 | Build | Farm |
| 18:21 | Queue | Militia |
| 18:23 | Build | Farm |
| 18:53 | Queue | Spearman |
| 18:53 | Queue | Spearman |
| 18:54 | Queue | Villager (Male) |
| 18:54 | Queue | Villager (Male) |
| 18:54 | Queue | Villager (Male) |
| 19:05 | Build | Town Center |
| 19:27 | Build | House |
| 19:30 | Build | Farm |
| 19:32 | Research | Town Watch |
| 19:51 | Queue | Villager (Male) |
| 19:52 | Queue | Villager (Male) |
| 20:06 | Queue | Villager (Male) |
| 20:06 | Queue | Villager (Male) |
| 20:16 | Build | Town Center |
| 20:19 | Research | Wheelbarrow |
| 20:20 | Research | Wheelbarrow |
| 20:59 | Queue | Villager (Male) |
| 20:59 | Queue | Villager (Male) |
| 21:01 | Build | Palisade Wall |
| 21:06 | Build | House |
| 21:08 | Queue | Villager (Male) |
| 21:30 | Queue | Villager (Male) |
| 21:31 | Queue | Villager (Male) |
| 21:31 | Queue | Villager (Male) |
| 21:31 | Queue | Villager (Male) |
| 21:31 | Queue | Villager (Male) |
| 22:04 | Queue | Villager (Male) |
| 22:04 | Queue | Villager (Male) |
| 22:12 | Queue | Villager (Male) |
| 22:12 | Queue | Villager (Male) |
| 22:22 | Build | Farm |
| 22:22 | Build | Farm |
Build order — SneakySalmon
First 150 of 660 actions detected
| 0:00 | Queue | Villager (Male) |
| 0:01 | Queue | Villager (Male) |
| 0:01 | Queue | Villager (Male) |
| 0:01 | Queue | Villager (Male) |
| 0:02 | Queue | Villager (Male) |
| 0:03 | Build | House |
| 0:06 | Build | House |
| 0:12 | Queue | Villager (Male) |
| 0:12 | Queue | Villager (Male) |
| 1:28 | Queue | Villager (Male) |
| 1:51 | Queue | Villager (Male) |
| 2:19 | Queue | Villager (Male) |
| 2:21 | Build | Lumber Camp |
| 2:35 | Queue | Villager (Male) |
| 2:35 | Queue | Villager (Male) |
| 3:15 | Queue | Villager (Male) |
| 3:51 | Build | House |
| 3:59 | Queue | Villager (Male) |
| 4:21 | Build | Mill |
| 4:26 | Queue | Villager (Male) |
| 4:54 | Queue | Villager (Male) |
| 5:09 | Queue | Villager (Male) |
| 5:16 | Build | Palisade Wall |
| 5:30 | Build | House |
| 5:39 | Build | Palisade Wall |
| 5:40 | Build | Palisade Wall |
| 5:42 | Build | Palisade Wall |
| 5:42 | Build | Palisade Wall |
| 5:43 | Build | Palisade Wall |
| 6:24 | Research | Feudal Age |
| 6:59 | Build | House |
| 7:21 | Build | Palisade Wall |
| 7:29 | Build | Barracks |
| 7:54 | Queue | Villager (Male) |
| 8:34 | Age | Feudal Age |
| 8:39 | Build | Stable |
| 8:40 | Research | Double-Bit Axe |
| 8:41 | Queue | Villager (Male) |
| 9:09 | Queue | Villager (Male) |
| 9:18 | Research | Horse Collar |
| 9:21 | Queue | Scout Cavalry |
| 9:21 | Queue | Scout Cavalry |
| 9:24 | Build | House |
| 9:28 | Queue | Villager (Male) |
| 9:40 | Build | Farm |
| 9:54 | Queue | Scout Cavalry |
| 10:17 | Queue | Villager (Male) |
| 10:18 | Build | House |
| 10:20 | Build | Farm |
| 10:31 | Queue | Scout Cavalry |
| 10:35 | Build | Farm |
| 10:36 | Queue | Villager (Male) |
| 10:55 | Build | Farm |
| 11:06 | Queue | Villager (Male) |
| 11:18 | Queue | Villager (Male) |
| 11:21 | Build | Farm |
| 11:22 | Queue | Scout Cavalry |
| 11:46 | Queue | Scout Cavalry |
| 11:54 | Queue | Villager (Male) |
| 12:18 | Queue | Villager (Male) |
| 12:25 | Queue | Scout Cavalry |
| 12:46 | Queue | Villager (Male) |
| 12:52 | Build | Farm |
| 12:54 | Build | Farm |
| 12:58 | Build | Farm |
| 12:58 | Queue | Scout Cavalry |
| 13:12 | Queue | Scout Cavalry |
| 13:12 | Queue | Villager (Male) |
| 13:21 | Research | Loom |
| 13:29 | Build | Mining Camp |
| 13:40 | Build | Watch Tower |
| 13:46 | Queue | Villager (Male) |
| 14:00 | Queue | Villager (Male) |
| 14:05 | Build | Blacksmith |
| 14:08 | Build | House |
| 14:14 | Queue | Scout Cavalry |
| 14:32 | Build | House |
| 14:46 | Queue | Villager (Male) |
| 15:13 | Build | Mining Camp |
| 15:26 | Queue | Villager (Male) |
| 15:29 | Build | House |
| 15:52 | Queue | Villager (Male) |
| 16:19 | Queue | Villager (Male) |
| 16:26 | Build | Mill |
| 17:09 | Research | Castle Age |
| 17:09 | Research | Castle Age |
| 17:16 | Build | Farm |
| 17:16 | Build | Farm |
| 17:16 | Build | Farm |
| 17:17 | Build | Farm |
| 17:17 | Build | Farm |
| 17:40 | Queue | Villager (Male) |
| 17:46 | Build | Stable |
| 17:56 | Queue | Scout Cavalry |
| 18:13 | Research | Gold Mining |
| 18:39 | Research | Forging |
| 19:05 | Queue | Scout Cavalry |
| 19:49 | Age | Castle Age |
| 20:00 | Build | Mining Camp |
| 20:02 | Research | Light Cavalry (upgrade) |
| 20:14 | Build | Monastery |
| 20:21 | Research | Bow Saw |
| 20:22 | Queue | Villager (Male) |
| 20:40 | Queue | Villager (Male) |
| 20:51 | Queue | Villager (Male) |
| 20:55 | Research | Fletching |
| 21:03 | Queue | Monk |
| 21:12 | Queue | Villager (Male) |
| 21:12 | Queue | Villager (Male) |
| 21:19 | Build | Town Center |
| 21:43 | Queue | Villager (Male) |
| 21:50 | Queue | Villager (Male) |
| 21:53 | Queue | Monk |
| 22:06 | Build | Archery Range |
| 22:21 | Queue | Villager (Male) |
| 22:23 | Queue | Monk |
| 22:40 | Build | Archery Range |
| 22:43 | Queue | Cavalry Archer |
| 22:45 | Research | Bodkin Arrow |
| 22:51 | Queue | Villager (Male) |
| 23:17 | Queue | Monk |
| 23:18 | Queue | Villager (Male) |
| 23:18 | Queue | Villager (Male) |
| 23:25 | Queue | Cavalry Archer |
| 23:25 | Queue | Cavalry Archer |
| 23:45 | Queue | Cavalry Archer |
| 23:45 | Queue | Cavalry Archer |
| 24:00 | Queue | Villager (Male) |
| 24:00 | Queue | Villager (Male) |
| 24:12 | Build | House |
| 24:13 | Queue | Cavalry Archer |
| 24:13 | Queue | Cavalry Archer |
| 24:23 | Build | Farm |
| 24:25 | Build | Farm |
| 24:26 | Build | Farm |
| 24:27 | Build | Farm |
| 24:30 | Build | House |
| 24:35 | Build | Mining Camp |
| 24:39 | Queue | Villager (Male) |
| 24:45 | Queue | Cavalry Archer |
| 24:45 | Queue | Cavalry Archer |
| 24:48 | Research | Husbandry |
| 24:56 | Queue | Villager (Male) |
| 24:56 | Queue | Villager (Male) |
| 25:05 | Build | Mining Camp |
| 25:08 | Queue | Villager (Male) |
| 25:08 | Queue | Villager (Male) |
| 25:10 | Queue | Cavalry Archer |
| 25:11 | Queue | Cavalry Archer |
| 25:34 | Queue | Villager (Male) |
Match timeline
| 4:55 | ATILA200 · first_building Barracks |
| 5:16 | SneakySalmon · wall_segment Palisade Wall x2 |
| 5:39 | SneakySalmon · wall_segment Palisade Wall x1 |
| 5:40 | SneakySalmon · wall_segment Palisade Wall x1 |
| 5:42 | SneakySalmon · wall_segment Palisade Wall x1 |
| 5:42 | SneakySalmon · wall_segment Palisade Wall x1 |
| 5:43 | SneakySalmon · wall_segment Palisade Wall x1 |
| 6:10 | ATILA200 · wall_segment Palisade Wall x1 |
| 6:10 | ATILA200 · wall_segment Palisade Wall x1 |
| 6:11 | ATILA200 · wall_segment Palisade Wall x1 |
| 6:12 | ATILA200 · wall_segment Palisade Wall x1 |
| 6:12 | ATILA200 · wall_segment Palisade Wall x1 |
| 7:01 | ATILA200 · wall_segment Palisade Wall x1 |
| 7:02 | ATILA200 · wall_segment Palisade Wall x1 |
| 7:02 | ATILA200 · wall_segment Palisade Wall x1 |
| 7:03 | ATILA200 · wall_segment Palisade Wall x1 |
| 7:03 | ATILA200 · wall_segment Palisade Wall x1 |
| 7:04 | ATILA200 · wall_segment Palisade Wall x1 |
| 7:21 | SneakySalmon · wall_segment Palisade Wall x1 |
| 7:29 | SneakySalmon · first_building Barracks |
| 7:55 | ATILA200 · wall_segment Palisade Wall x1 |
| 7:55 | ATILA200 · wall_segment Palisade Wall x1 |
| 8:34 | SneakySalmon · age_up feudal |
| 8:39 | SneakySalmon · first_building Stable |
| 9:37 | ATILA200 · wall_segment Palisade Wall x1 |
| 9:39 | ATILA200 · wall_segment Palisade Wall x1 |
| 9:40 | ATILA200 · wall_segment Palisade Wall x1 |
| 11:57 | ATILA200 · wall_segment Palisade Wall x1 |
| 11:57 | ATILA200 · wall_segment Palisade Wall x1 |
| 11:58 | ATILA200 · wall_segment Palisade Wall x1 |
| 11:58 | ATILA200 · wall_segment Palisade Wall x1 |
| 12:02 | ATILA200 · wall_segment Palisade Wall x1 |
| 12:02 | ATILA200 · wall_segment Palisade Wall x1 |
| 13:06 | ATILA200 · age_up feudal |
| 15:07 | ATILA200 · first_market_sell 100 wood |
| 15:58 | ATILA200 · wall_segment Palisade Wall x1 |
| 17:48 | ATILA200 · age_up castle |
| 19:49 | SneakySalmon · age_up castle |
| 20:14 | SneakySalmon · first_building Monastery |
| 21:01 | ATILA200 · wall_segment Palisade Wall x1 |
| 22:06 | SneakySalmon · first_building Archery Range |
| 24:06 | ATILA200 · first_building Siege Workshop |
| 27:49 | SneakySalmon · first_building Siege Workshop |
| 32:52 | ATILA200 · first_building Archery Range |
| 33:30 | SneakySalmon · first_building Castle |
| 34:25 | SneakySalmon · first_market_buy 100 food |
| 37:05 | ATILA200 · first_building Stable |
| 37:51 | ATILA200 · age_up imperial |
| 38:28 | ATILA200 · first_market_buy 100 stone |
| 39:17 | SneakySalmon · age_up imperial |
| 42:02 | ATILA200 · first_building Castle |
| 42:03 | SneakySalmon · first_market_sell 500 wood |
| 46:27 | ATILA200 · wall_segment Stone Wall x1 |
| 51:07 | ATILA200 · resign |
[ AI ANALYSIS · 1 CREDIT ]
What really happened in this match?
Wolo.gg analyzes every decision: build order, eco, micro, common mistakes by bracket. Personalized analysis on WhatsApp or Discord in 30 seconds.
Civ guide
Vietnamese
Perfil
ATILA200